Map: Pendiente de Agustín EE

Players

MrFercho

  • Race: Zerg Zerg
  • League: Silver
  • Spawn Location: 6:00

tigro

  • Race: Terran Terran
  • League: Bronze
  • Spawn Location: 5:00

TATORREA

  • Race: Protoss Protoss
  • League: Silver
  • Spawn Location: 6:00

tripaalojo

  • Race: Terran Terran
  • League: Silver
  • Spawn Location: 12:00

Masenjom

  • Race: Protoss Protoss
  • League: Silver
  • Spawn Location: 11:00

Layote

  • Race: Zerg Zerg
  • League: Platinum
  • Spawn Location: 12:00

VOD

Have the link to the VOD?

Description

Time

  • Played on: June 25, 2020, 9:41 p.m.
  • Length: 18:32
Show
View Real Time Build Order
Export as new Build Order

MrFercho Zerg 

Build Orders: Pool First, Lurkers 

Get SALT Encoding   

  12  0:01  Drone  
  13  0:20  Overlord  
  13  0:22  Drone  
  14  0:40  Spawning Pool  
  13  0:47  Extractor  
  12  0:55  Drone x3  
  15  1:06  Overlord  
  15  1:22  Drone  
  16  1:27  Drone  
  16  1:31  Queen  
  19  1:37  Spine Crawler  
  19  1:38  Drone  
  19  1:48  Drone  
  20  2:01  Hatchery  
  19  2:02  Drone  
  20  2:16  Metabolic Boost  
  20  2:17  Drone  
  21  2:23  Evolution Chamber, Drone  
  21  2:31  Extractor  
  21  2:34  Drone  
  21  2:42  Drone x3  
  24  2:47  Drone  
  25  3:02  Zergling x2  
  26  3:10  Drone  
  27  3:27  Zergling x6  
  28  3:28  Hatchery  
  28  3:32  Zerg Melee Weapons Level 1  
  29  3:51  Zergling x10  
  34  3:57  Overlord  
  34  4:04  Lair  
  34  4:19  Zergling x8  
  38  4:30  Drone x4  
  33  5:11  Zergling x24  
  33  5:12  Zergling x2  
  44  5:29  Spine Crawler  
  44  5:32  Spine Crawler  
  44  5:33  Extractor  
  41  5:53  Drone x7  
  41  5:54  Spire  
  39  6:26  Zerg Melee Weapons Level 2  
  39  6:31  Drone  
  39  6:32  Drone x8  
  41  6:39  Queen  
  43  6:44  Extractor  
  42  6:58  Hydralisk Den  
  41  7:09  Mutalisk  
  41  7:10  Mutalisk x3  
  41  7:13  Overlord x3  
  49  7:44  Hatchery  
  49  7:48  Infestation Pit  
  49  7:49  Lurker Den  
  46  7:52  Drone x7  
  53  8:14  Spore Crawler  
  53  8:19  Overseer  
  52  8:20  Overseer x2  
  52  8:21  Spore Crawler  
  51  8:28  Muscular Augments  
  51  8:31  Hive  
  51  8:37  Pneumatized Carapace  
  51  8:39  Drone x2  
  51  8:40  Drone x4  
  51  8:41  Drone  
  58  8:56  Drone  
  58  8:57  Drone x7  
  58  8:59  Extractor  
  65  9:39  Grooved Spines  
  65  9:42  Corruptor  
  65  9:43  Corruptor x9  
  77  9:54  Zerg Melee Weapons Level 3  
  77  10:09  Greater Spire  
  77  10:32  Seismic Spines  
  77  10:33  Hydralisk  
  79  10:43  Extractor  
  70  11:06  Hydralisk  
  72  11:14  Overlord x12  
  72  11:15  Overlord x3  
  72  11:29  Adaptive Talons  
  72  11:41  Hydralisk x9  
  83  11:53  Spore Crawler x2  
  75  11:54  Spore Crawler  
  75  11:58  Corruptor x2  
  75  11:59  Corruptor x4  
  59  12:35  Drone  
  59  12:36  Drone x11  
  71  12:45  Queen  
  73  13:05  Hydralisk x2  
  73  13:06  Hydralisk x6  
  89  13:22  Hydralisk x8  
  105  13:27  Zerg Missile Weapons Level 1  
  105  13:36  Lurker x4  
  105  13:39  Lurker  
  105  13:40  Lurker  
  111  13:48  Zergling x2  
  111  13:49  Zergling x20  
  62  14:45  Corruptor x2  
  62  14:46  Corruptor x3  
  62  14:52  Spore Crawler  
  70  14:55  Spore Crawler  
  49  15:11  Corruptor x4  
  37  15:29  Drone x3  
  34  16:28  Drone x2  
  34  16:29  Drone  
  9  17:56  Hydralisk  
  11  18:09  Drone  
Show
View Real Time Build Order
Export as new Build Order

tigro Terran 

Build Orders:  

Get SALT Encoding   

  12  0:02  SCV  
  13  0:15  SCV  
  14  0:24  Supply Depot  
  14  0:29  SCV  
  15  0:40  Refinery  
  15  0:45  SCV  
  16  0:50  Barracks  
  16  0:58  SCV  
  16  1:03  Refinery  
  17  1:10  SCV  
  18  1:15  Supply Depot  
  18  1:22  SCV  
  19  1:34  SCV  
  19  1:38  Marine  
  21  1:50  Barracks  
  21  1:52  SCV  
  22  1:56  Marine  
  23  2:04  SCV  
  24  2:14  Marine  
  25  2:16  SCV  
  26  2:32  Marine  
  27  2:40  Factory  
  27  2:44  Barracks Reactor  
  27  2:50  Marine  
  28  3:10  Barracks Tech Lab  
  28  3:20  Orbital Command  
  28  3:27  Factory Tech Lab  
  28  3:30  Engineering Bay  
  28  3:31  Combat Shield  
  28  3:54  Siege Tank  
  31  4:02  Starport  
  31  4:13  Terran Infantry Weapons Level 1  
  31  4:16  Command Center  
  31  4:35  Siege Tank  
  34  4:42  Marine x3  
  37  4:50  Stimpack  
  29  5:00  Marine x3  
  29  5:18  Marine x3  
  29  5:19  Medivac  
  22  5:31  Refinery  
  21  5:35  Marine  
  21  5:36  Marine x2  
  21  5:39  Siege Tank  
  27  5:45  SCV  
  28  5:53  Marine x2  
  28  5:54  Marine  
  31  5:57  SCV  
  31  6:00  SCV  
  33  6:09  SCV  
  34  6:11  Marine  
  34  6:13  SCV  
  36  6:22  SCV  
  36  6:25  SCV  
  38  6:28  Starport Tech Lab  
  38  6:29  Marine  
  38  6:30  Concussive Shells  
  39  6:34  Siege Tank, SCV  
  43  6:50  Terran Infantry Armor Level 1  
  43  6:51  Starport  
  43  6:56  SCV  
  44  7:03  Refinery  
  44  7:08  SCV  
  45  7:20  SCV  
  46  7:32  SCV  
  46  7:34  SCV  
  48  7:39  Starport Tech Lab  
  48  7:45  SCV  
  48  7:46  SCV  
  48  7:50  Fusion Core  
  50  7:58  SCV x2  
  52  8:10  SCV x2  
  54  8:22  SCV  
  55  8:34  SCV  
  56  8:43  Armory  
  56  8:44  Hi-Sec Auto Tracking  
  56  8:46  SCV  
  57  8:50  Missile Turret  
  57  8:58  SCV  
  45  9:10  SCV  
  45  9:13  Marine x3  
  47  9:22  Missile Turret  
  35  9:31  Marine x3  
  28  9:48  Marine  
  28  9:49  Marine x2  
  31  10:06  Marine x2  
  31  10:07  Marine  
  34  10:17  Missile Turret  
  34  10:24  Marine  
  34  10:26  SCV  
  36  10:35  Missile Turret  
  36  10:38  SCV  
  36  10:39  Missile Turret  
  37  10:43  Viking  
  37  10:49  Medivac  
  41  10:50  SCV  
  42  10:57  Missile Turret  
  42  11:02  SCV  
  43  11:13  Viking  
  43  11:14  SCV  
  43  11:18  Medivac, Missile Turret  
  46  11:22  Siege Tank  
  51  11:26  SCV  
  52  11:38  SCV  
  50  11:50  SCV  
  25  12:33  Marine x3  
  12  12:51  Marine x3  
  12  12:52  SCV  
  12  12:56  SCV  
  17  13:04  SCV  
  18  13:08  SCV  
  18  13:09  Marine x3  
  22  13:16  SCV  
  23  13:27  Marine x3  
  23  13:29  SCV  
  27  13:39  Missile Turret  
  27  13:41  SCV  
  28  13:45  Marine  
  23  14:00  Missile Turret  
  23  14:01  Medivac  
  2  14:34  Marine x3  
  5  14:52  Marine x3  
  8  14:56  SCV  
  9  15:08  SCV  
  9  15:10  Marine x3  
  13  15:27  Marine  
  13  15:28  Marine  
  15  15:48  Supply Depot  
  15  16:09  Marine  
  16  16:23  Refinery  
  16  16:27  Marine  
  14  17:16  Starport Tech Lab  
  14  17:56  SCV  
  15  18:08  SCV  
Show
View Real Time Build Order
Export as new Build Order

TATORREA Protoss 

Build Orders:  

Get SALT Encoding   

  12  0:07  Probe  
  13  0:19  Probe  
  14  0:28  Pylon  
  14  0:31  Probe  
  15  0:46  Probe  
  16  0:50  Gateway  
  16  0:56  Pylon, Probe  
  16  0:59  Assimilator  
  17  1:04  Probe  
  18  1:14  Probe  
  19  1:22  Probe  
  19  1:30  Assimilator, Probe  
  21  1:42  Cybernetics Core  
  21  1:52  Gateway  
  21  1:56  Gateway  
  21  1:57  Probe  
  22  2:09  Probe  
  23  2:30  Pylon  
  23  2:31  Probe  
  23  2:32  Nexus  
  23  2:34  Pylon  
  24  2:40  Warp Gate  
  24  2:43  Probe  
  25  2:55  Probe  
  25  2:58  Robotics Facility  
  26  3:03  Zealot  
  28  3:07  Probe, Zealot  
  31  3:19  Probe  
  32  3:30  Stalker  
  32  3:32  Probe  
  35  3:34  Stalker  
  37  3:44  Probe x2  
  39  3:50  Assimilator  
  39  3:53  Assimilator  
  39  3:56  Probe x2  
  41  4:08  Probe x2  
  41  4:09  Immortal  
  47  4:20  Probe  
  47  4:21  Probe  
  49  4:32  Probe  
  49  4:33  Stalker, Probe  
  49  4:34  Stalker  
  55  4:44  Probe  
  55  4:45  Probe  
  57  4:48  Observer  
  58  4:56  Probe  
  58  4:57  Probe, Nexus  
  60  5:00  Pylon  
  60  5:08  Probe  
  61  5:35  Stalker  
  61  5:36  Stalker  
  61  5:38  Immortal  
  69  5:47  Probe  
  70  5:59  Pylon  
  70  6:03  Pylon  
  70  6:05  Pylon  
  70  6:08  Probe x2  
  70  6:10  Probe  
  73  6:16  Stalker x2  
  73  6:17  Observer  
  78  6:20  Probe x2  
  78  6:22  Probe  
  81  6:28  Assimilator  
  81  6:29  Assimilator  
  83  6:32  Probe x2  
  83  6:34  Probe  
  84  6:40  Pylon  
  84  6:43  Pylon  
  84  6:46  Probe x3  
  87  6:47  Pylon  
  87  6:50  Immortal  
  87  6:52  Pylon  
  91  6:57  Pylon  
  91  6:58  Probe x3  
  94  7:02  Pylon  
  94  7:10  Probe x3  
  97  7:29  Observer  
  98  7:30  Forge  
  98  7:33  Forge  
  98  7:35  Forge  
  98  7:39  Probe x2  
  98  7:40  Probe  
  101  7:45  Nexus  
  101  7:49  Stalker x2, Pylon  
  104  7:51  Probe  
  104  7:52  Pylon, Probe x2  
  104  7:55  Gateway  
  104  7:57  Immortal  
  104  7:58  Gateway  
  111  8:00  Gateway  
  111  8:02  Gateway  
  111  8:04  Robotics Bay  
  111  8:05  Gateway  
  111  8:08  Gateway  
  111  8:10  Stargate x2  
  111  8:18  Probe x3  
  114  8:28  Assimilator  
  114  8:29  Assimilator  
  114  8:30  Probe x3  
  117  8:37  Observer  
  118  8:42  Probe x3  
  121  8:48  Protoss Ground Armor Level 1, Protoss Ground Weapons Level 1, Protoss Shields Level 1  
  121  9:08  Twilight Council  
  121  9:10  Nexus  
  121  9:12  Stalker x4  
  121  9:13  Stalker x4, Pylon  
  137  9:17  Pylon  
  137  9:28  Extended Thermal Lance  
  137  9:29  Colossus  
  143  9:42  Probe x2  
  143  9:43  Probe x2  
  136  9:54  Probe  
  136  9:55  Stalker x2, Probe x2  
  136  9:56  Stalker x3  
  136  9:57  Stalker x3  
  135  10:16  Probe x4  
  132  10:28  Stalker x3, Probe x4  
  136  10:29  Stalker x5  
  148  10:40  Probe x4  
  152  10:52  Probe  
  147  11:00  Protoss Ground Armor Level 2, Protoss Ground Weapons Level 2  
  147  11:01  Protoss Shields Level 2  
  139  11:09  Colossus  
  120  11:14  Stalker  
  120  11:15  Stalker x5  
  120  11:16  Stalker x2  
  96  11:39  Stalker  
  98  11:40  Stalker x5  
  98  11:41  Stalker x2  
  112  12:01  Colossus  
  112  12:08  Stalker x3  
  120  12:09  Stalker x3  
  130  12:19  Phoenix  
  130  12:20  Phoenix  
  134  12:38  Stalker x3  
  134  12:39  Stalker  
  142  12:46  Probe x3  
  142  12:47  Probe  
  146  12:59  Probe x4  
  148  13:11  Probe  
  143  13:24  Probe x2  
  143  13:25  Probe x2  
  144  13:40  Probe x4  
  144  13:52  Probe x4  
  148  14:04  Probe x4  
  148  14:07  Stalker x3  
  148  14:08  Stalker x4  
  148  14:09  Stalker  
  142  14:41  Probe  
  142  14:42  Probe x3  
  130  14:54  Probe x4  
  130  14:56  Stalker x3  
  130  14:57  Stalker x5  
  146  15:00  Colossus  
  146  15:03  Phoenix x2  
  146  15:06  Probe x4  
  158  15:28  Phoenix x2  
  158  15:42  Probe x4  
  141  15:54  Probe x2  
  141  15:56  Stalker x2  
  141  15:57  Stalker x5  
  151  16:05  Probe x2  
  151  16:06  Probe x2  
  143  16:17  Probe  
  121  16:29  Stalker x2  
  121  16:30  Stalker x4  
  121  16:31  Stalker  
  126  16:44  Nexus  
  119  16:50  Probe x4  
  105  16:59  Stalker x3  
  105  17:00  Stalker x2  
  115  17:02  Stalker, Probe x4  
  121  17:14  Phoenix x2  
  125  17:23  Stalker  
  125  17:24  Stalker  
  126  17:44  Probe x4  
  126  17:56  Stalker, Probe x4  
  107  18:08  Probe  
Show
View Real Time Build Order
Export as new Build Order

tripaalojo Terran 

Build Orders:  

Get SALT Encoding   

  12  0:02  SCV  
  13  0:14  SCV  
  14  0:27  SCV  
  15  0:31  Supply Depot  
  15  0:45  Refinery  
  15  0:53  SCV  
  15  0:56  Barracks  
  16  1:05  SCV  
  17  1:17  SCV  
  18  1:29  SCV  
  19  1:46  Supply Depot  
  19  1:47  Barracks Reactor  
  19  1:54  Bunker  
  19  1:55  Command Center  
  19  2:00  SCV  
  20  2:13  SCV  
  20  2:15  Refinery  
  21  2:21  Factory  
  21  2:23  Marine  
  21  2:27  Marine  
  23  2:41  Orbital Command  
  23  2:43  Marine  
  24  2:45  Marine  
  25  3:06  Factory Tech Lab  
  25  3:10  Marine  
  25  3:11  Marine  
  27  3:23  Orbital Command  
  27  3:28  Marine  
  27  3:31  SCV  
  29  3:37  Siege Tank  
  32  3:43  SCV  
  32  3:46  Barracks  
  33  3:55  SCV  
  34  4:07  SCV  
  35  4:19  Command Center  
  35  4:29  SCV x2  
  37  4:35  Refinery  
  37  4:38  Refinery  
  37  4:41  SCV x2  
  37  4:43  Bunker  
  39  4:46  Barracks Reactor  
  39  5:17  Marine x2  
  41  5:25  Siege Tank  
  44  5:28  Marine x2  
  44  5:35  Marine x2  
  47  5:41  SCV x2  
  50  5:46  Marine x2  
  50  5:48  Orbital Command  
  52  5:53  Marine x2, SCV x2  
  56  5:57  Siege Tank  
  59  6:04  Marine x2  
  61  6:13  Marine x2  
  61  6:14  SCV  
  61  6:18  SCV  
  61  6:22  Marine  
  59  6:49  Marine x2  
  61  7:13  Supply Depot  
  61  7:16  Supply Depot  
  61  7:34  Marine x4, SCV x2  
  61  7:35  Supply Depot, SCV  
  68  7:38  Siege Tank  
  68  7:40  Supply Depot  
  71  7:52  Marine x4  
  75  8:05  Bunker, Supply Depot  
  75  8:06  Barracks  
  75  8:10  Marine x4  
  79  8:13  Starport  
  79  8:17  Starport  
  79  8:25  Refinery  
  79  8:28  Marine, Refinery  
  79  8:29  Supply Depot  
  80  8:35  Bunker  
  80  8:48  SCV x3  
  83  8:51  Supply Depot, Starport  
  83  8:54  Barracks  
  83  9:00  SCV x3, Starport Tech Lab  
  86  9:03  Starport Tech Lab  
  86  9:05  Barracks Reactor  
  86  9:14  Supply Depot  
  86  9:15  Fusion Core  
  86  9:26  Marine x4  
  86  9:29  Starport  
  83  9:40  Starport Tech Lab  
  83  9:42  Supply Depot  
  83  9:44  Marine x4  
  86  9:51  Barracks Reactor  
  86  9:59  Armory  
  86  10:02  Marine x4  
  86  10:04  Supply Depot  
  86  10:06  SCV x3  
  93  10:07  Starport  
  93  10:09  Starport Tech Lab  
  93  10:13  Battlecruiser x2  
  93  10:14  Battlecruiser  
  111  10:18  SCV  
  111  10:19  Marine x2  
  111  10:20  Marine x2  
  116  10:26  Supply Depot  
  116  10:36  Marine x4  
  116  10:37  Marine x3  
  116  10:38  Marine  
  124  10:50  Factory  
  124  10:52  Starport Tech Lab  
  124  10:54  Marine x4  
  124  10:55  Marine x3  
  121  11:02  Terran Ship Weapons Level 1  
  114  11:07  Supply Depot  
  114  11:17  Battlecruiser  
  115  11:30  Supply Depot  
  105  11:36  Factory  
  105  11:53  Supply Depot  
  93  12:12  Marine x3  
  93  12:13  Marine x5  
  95  12:16  Supply Depot  
  95  12:17  Factory Tech Lab  
  95  12:20  Factory Tech Lab  
  95  12:30  Marine x4  
  95  12:31  Marine x4  
  95  12:34  Engineering Bay  
  103  12:48  Marine x6  
  103  12:49  Marine x2  
  111  12:55  Viking x3  
  111  12:56  Viking x2  
  121  13:03  Engineering Bay  
  121  13:06  Marine x7  
  121  13:07  Marine  
  129  13:23  Marine  
  129  13:24  Marine x7  
  129  13:25  Viking x2  
  141  13:31  Viking x3  
  147  13:34  Terran Ship Weapons Level 2  
  141  13:55  Viking x2  
  141  14:01  Viking x3  
  111  14:25  Viking x2  
  111  14:28  Marine x7  
  111  14:29  Marine  
  111  14:30  Viking  
  111  14:31  Viking x2  
  127  14:46  Marine x3  
  127  14:51  Terran Infantry Weapons Level 1  
  127  14:52  Terran Infantry Armor Level 1  
  129  14:54  Marine x5  
  129  14:55  Viking x2  
  138  15:00  Viking  
  138  15:01  Viking x2  
  138  15:03  Marine  
  138  15:04  Marine  
  146  15:18  Command Center  
  146  15:25  Viking x2  
  150  15:30  Viking  
  150  15:31  Viking x2  
  156  15:47  Marine x7  
  156  15:48  Marine  
  154  16:04  Marine  
  154  16:05  Marine x7  
  154  16:07  Refinery  
  154  16:10  Refinery  
  143  16:22  Marine x3  
  143  16:23  Marine x5  
  151  16:40  Marine x4  
  151  16:41  Marine x4  
  117  16:58  Marine x5  
  117  16:59  Marine x3  
  123  17:16  Marine x6  
  123  17:17  Marine x2  
  131  17:27  Thor x3  
  149  17:34  Marine x8  
  130  17:56  Marine  
  130  17:57  Marine x7  
  144  18:14  Marine  
Show
View Real Time Build Order
Export as new Build Order

Masenjom Protoss 

Build Orders:  

Get SALT Encoding   

  12  0:14  Probe  
  12  0:15  Pylon  
  13  0:22  Probe  
  14  0:37  Gateway  
  14  0:38  Probe  
  15  1:01  Probe  
  15  1:09  Probe  
  17  1:19  Probe  
  17  1:24  Zealot  
  20  1:31  Cybernetics Core  
  20  1:33  Probe  
  20  1:36  Assimilator  
  20  1:39  Assimilator  
  21  1:46  Probe  
  22  2:00  Pylon  
  22  2:03  Probe  
  22  2:04  Pylon  
  23  2:14  Probe  
  23  2:18  Zealot  
  26  2:23  Pylon  
  26  2:48  Twilight Council  
  26  2:50  Probe  
  27  2:57  Zealot  
  29  3:03  Nexus  
  29  3:07  Gateway, Warp Gate  
  29  3:11  Gateway  
  29  3:13  Probe  
  30  3:21  Probe  
  31  3:35  Zealot  
  31  3:37  Charge  
  33  3:51  Probe  
  33  3:55  Zealot  
  36  4:01  Zealot  
  38  4:11  Probe  
  38  4:14  Probe  
  38  4:16  Zealot  
  39  4:22  Probe  
  42  4:25  Zealot  
  45  4:42  Gateway  
  45  4:43  Gateway  
  45  4:47  Probe  
  46  5:10  Zealot x2  
  46  5:13  Zealot  
  52  5:16  Probe  
  53  5:26  Forge  
  53  5:28  Probe  
  54  5:32  Probe  
  54  5:34  Blink  
  54  5:36  Probe  
  54  5:40  Probe  
  56  5:45  Probe, Zealot  
  56  5:46  Zealot  
  62  5:55  Pylon  
  62  5:57  Pylon  
  62  6:01  Pylon  
  62  6:34  Zealot x2  
  62  6:35  Zealot x3  
  62  6:37  Protoss Ground Weapons Level 1  
  72  6:43  Forge, Probe  
  72  6:50  Assimilator  
  72  6:51  Probe  
  72  6:53  Assimilator  
  74  7:12  Pylon  
  74  7:14  Pylon  
  74  7:20  Probe  
  75  7:23  Zealot  
  75  7:24  Zealot x2  
  75  7:25  Zealot x2  
  85  7:40  Robotics Facility  
  85  7:50  Protoss Ground Armor Level 1  
  85  8:02  Stalker x2  
  85  8:03  Stalker x2  
  85  8:04  Stalker  
  95  8:10  Probe  
  95  8:18  Probe  
  97  8:29  Stalker x2  
  101  8:44  Gateway  
  101  8:47  Gateway  
  101  8:48  Gateway  
  101  8:52  Gateway  
  101  8:57  Gateway, Protoss Ground Weapons Level 2  
  101  9:00  Pylon  
  101  9:05  Nexus  
  101  9:12  Pylon  
  97  9:37  Pylon  
  97  9:39  Probe  
  97  9:40  Pylon  
  97  9:43  Pylon  
  98  9:47  Probe  
  99  9:55  Probe  
  99  9:56  Zealot x3  
  99  9:57  Zealot x3  
  99  9:58  Zealot x3  
  99  9:59  Zealot  
  120  10:03  Warp Prism  
  120  10:06  Probe  
  122  10:10  Pylon  
  122  10:13  Pylon  
  123  10:15  Pylon  
  123  10:16  Probe  
  123  10:18  Pylon  
  124  10:24  Probe  
  115  11:09  Protoss Ground Armor Level 2  
  69  11:23  Stalker x2  
  69  11:24  Protoss Ground Weapons Level 3, Stalker x3  
  69  11:25  Stalker x2  
  73  11:26  Stalker x3  
  79  11:41  Probe  
  80  11:49  Probe  
  81  11:55  Gateway  
  81  11:57  Gateway  
  81  12:10  Stalker x4  
  81  12:11  Stalker x3, Probe  
  81  12:12  Stalker x2  
  81  12:13  Stalker  
  102  12:19  Probe  
  103  12:41  Stalker  
  103  12:42  Stalker x2  
  103  12:43  Stalker x4  
  117  12:44  Stalker x3  
  55  15:05  Zealot  
  55  15:06  Zealot x4  
  59  15:07  Zealot x3  
  59  15:08  Probe, Zealot x3  
  59  15:09  Zealot  
  74  15:16  Assimilator, Probe  
  74  15:18  Assimilator  
  75  15:21  Protoss Ground Armor Level 3  
  75  15:23  Protoss Shields Level 1  
  75  15:24  Probe  
  75  15:32  Probe  
  76  15:37  Zealot  
  76  15:38  Zealot x2  
  76  15:39  Zealot x3  
  76  15:40  Probe, Zealot x3  
  76  15:41  Zealot x3  
  101  15:49  Probe  
  103  16:12  Zealot x2  
  103  16:13  Zealot x3  
  103  16:14  Zealot x2  
  103  16:15  Zealot x4  
  103  16:16  Zealot  
  127  16:30  Nexus  
  55  17:10  Stalker x2  
  55  17:11  Stalker x3  
  55  17:12  Stalker x4  
  55  17:13  Stalker x3  
  79  17:27  Gateway  
  79  17:28  Gateway  
  79  17:36  Gateway  
  79  17:45  Gateway  
  79  17:47  Gateway  
  79  17:52  Gateway  
  79  17:54  Stalker x2  
  79  17:55  Stalker x3  
  79  17:56  Stalker  
  91  18:06  Assimilator  
  91  18:10  Assimilator  
  91  18:17  Nexus  
Show
View Real Time Build Order
Export as new Build Order

Layote Zerg 

Build Orders: Hatch First 

Get SALT Encoding   

  12  0:01  Drone  
  13  0:08  Drone  
  13  0:14  Extractor  
  13  0:16  Drone  
  15  0:26  Overlord  
  15  0:46  Hatchery  
  15  0:49  Drone  
  15  0:53  Drone  
  15  0:56  Drone  
  17  1:13  Spawning Pool  
  17  1:15  Extractor  
  17  1:17  Drone  
  16  1:20  Drone  
  16  1:24  Drone  
  18  1:37  Overlord  
  18  1:45  Drone  
  19  2:09  Queen  
  21  2:18  Queen  
  23  2:24  Hatchery, Metabolic Boost  
  22  2:35  Zergling x6  
  25  2:39  Zergling x2  
  25  2:42  Zergling x2  
  27  2:46  Zergling x2  
  28  2:59  Drone  
  28  3:02  Drone x3  
  32  3:10  Zergling x2  
  32  3:11  Zergling x2  
  34  3:17  Extractor  
  34  3:18  Drone  
  34  3:29  Zergling x2  
  34  3:30  Zergling x2  
  36  3:34  Overlord  
  36  3:35  Overlord  
  36  3:37  Overlord  
  36  3:46  Queen  
  38  3:55  Lair  
  38  4:03  Zergling x6  
  38  4:06  Zergling x2  
  42  4:10  Drone  
  42  4:11  Drone  
  44  4:18  Drone x2  
  44  4:20  Drone  
  47  4:30  Drone  
  47  4:31  Drone x3  
  51  4:45  Drone x3  
  54  4:47  Drone x4  
  50  5:25  Queen  
  49  5:35  Zergling x18  
  47  5:36  Zergling x2  
  52  5:45  Spire  
  52  5:46  Drone  
  52  5:52  Drone x2  
  52  5:54  Extractor x2  
  52  5:59  Zergling x4  
  52  6:00  Zergling x10  
  59  6:24  Drone  
  59  6:25  Drone x3  
  58  6:26  Overlord x2, Drone x2  
  58  6:27  Overlord x2  
  58  6:38  Drone x2  
  61  6:40  Drone x5  
  61  6:41  Overlord x2  
  65  6:47  Zergling x2  
  65  6:53  Spore Crawler  
  65  6:56  Overseer  
  65  7:28  Zerg Flyer Weapons Level 1  
  65  7:56  Mutalisk  
  65  7:57  Mutalisk x11  
  89  7:58  Mutalisk  
  91  8:07  Extractor  
  91  8:09  Extractor  
  89  8:14  Queen  
  89  8:17  Pneumatized Carapace  
  91  8:23  Evolution Chamber  
  91  8:24  Hatchery  
  91  8:26  Drone x3  
  92  8:27  Drone x3  
  92  8:28  Overlord x4, Evolution Chamber  
  92  8:29  Overlord x3  
  94  8:49  Mutalisk  
  94  8:50  Mutalisk x3  
  87  10:03  Mutalisk  
  87  10:04  Mutalisk x11  
  111  10:29  Zerg Flyer Weapons Level 2  
  109  10:55  Mutalisk  
  109  10:56  Mutalisk x4  
  109  11:49  Mutalisk x9  
  103  12:46  Overlord, Zerg Flyer Armor Level 1  
  103  12:47  Overlord x4  
  103  13:01  Drone x6  
  103  13:03  Queen  
  111  13:23  Drone x4  
  111  13:25  Hatchery, Mutalisk  
  111  13:26  Mutalisk x8  
  132  13:38  Hatchery  
  131  13:52  Extractor  
  131  13:55  Extractor  
  117  14:41  Mutalisk  
  117  14:42  Mutalisk x15  
  117  14:43  Mutalisk x3  
  131  15:53  Mutalisk  
  131  15:54  Mutalisk x10  
  147  16:19  Mutalisk  
  147  16:20  Mutalisk x3  
  155  16:26  Drone x3  
  155  16:27  Drone x2  
  155  16:28  Drone  
  155  16:29  Queen  
  155  16:30  Queen  
  165  16:39  Mutalisk x2  
  167  17:46  Mutalisk  
  167  17:47  Mutalisk x11  
Tags
 
Add a new tag
Caveats
  • Supply blocks, unpowered buildings, or Contaminate may cause inaccurate times.
  • Supply counts are checked every 10 seconds.